[ AOE2 MATCH · #480262156 ]
UnrankedMagyars vs Huns
[ REPLAY ANALYSIS · EXTRACTED FROM THE RECORDED GAME ]
Feudal
11:22
Castle
—
Imperial
—
| APM avg | 12.8 |
| APM peak | 35 |
| eAPM avg | 8.6 |
| Villagers / military | 43 / 14 |
Focus
⚔️ 12.0% · 🌾 88.0%
Scout Cavalry ×9 · Spearman ×5
Feudal
12:25
Castle
—
Imperial
—
| APM avg | 32.4 |
| APM peak | 118 |
| eAPM avg | 10.7 |
| Villagers / military | 32 / 12 |
Focus
⚔️ 15.0% · 🌾 85.0%
Scout Cavalry ×12
Feudal
10:07
Castle
—
Imperial
—
| APM avg | 14.1 |
| APM peak | 22 |
| eAPM avg | 9.3 |
| Villagers / military | 45 / 19 |
Focus
⚔️ 24.2% · 🌾 75.8%
Serjeant ×19
Feudal
9:49
Castle
—
Imperial
—
| APM avg | 38.8 |
| APM peak | 57 |
| eAPM avg | 15.2 |
| Villagers / military | 52 / 12 |
Focus
⚔️ 14.0% · 🌾 86.0%
Scout Cavalry ×12
Match map
Initial resources + every placement click. Lines = walls · curves = elevation contours. ◆ gold · ⬟ stone · ● berries · ✦ relic · ◌ wall gap
Your base· Open — unwalled flank
dead4ngel's base· Open — unwalled flank
JoaoWololo's base· Open — unwalled flank
Mumbly's base· Open — 4t gap
Smoothed initial terrain · ◌ = detected wall gap · hover for details
Inputs per minute
— ToroSentado|_| - - dead4ngel
Build order — ToroSentado|_|
104 actions detected in the replay
| 0:01 | Create | Villager (Male) |
| 0:01 | Create | Villager (Male) |
| 0:01 | Create | Villager (Male) |
| 0:02 | Create | Villager (Male) |
| 0:02 | Create | Villager (Male) |
| 0:04 | Build | House |
| 0:08 | Build | House |
| 1:41 | Create | Villager (Male) |
| 2:08 | Research | Loom |
| 2:11 | Create | Villager (Male) |
| 2:11 | Create | Villager (Male) |
| 2:29 | Create | Villager (Male) |
| 2:30 | Create | Villager (Male) |
| 2:30 | Create | Villager (Male) |
| 3:09 | Create | Villager (Male) |
| 3:09 | Create | Villager (Male) |
| 3:09 | Create | Villager (Male) |
| 3:32 | Create | Villager (Male) |
| 3:32 | Create | Villager (Male) |
| 4:14 | Create | Villager (Male) |
| 4:14 | Create | Villager (Male) |
| 4:22 | Build | House |
| 4:50 | Build | House |
| 5:01 | Create | Villager (Male) |
| 5:01 | Create | Villager (Male) |
| 5:02 | Create | Villager (Male) |
| 5:02 | Create | Villager (Male) |
| 5:20 | Build | Lumber Camp |
| 5:25 | Build | House |
| 5:28 | Create | Villager (Male) |
| 5:28 | Create | Villager (Male) |
| 5:52 | Create | Villager (Male) |
| 7:21 | Create | Villager (Male) |
| 8:12 | Create | Villager (Male) |
| 8:32 | Create | Villager (Male) |
| 8:43 | Build | Mill |
| 9:12 | Research | Feudal Age |
| 9:18 | Build | Mining Camp |
| 9:42 | Build | Mill |
| 10:30 | Build | Barracks |
| 11:22 | Age | Feudal Age |
| 11:24 | Research | Wheelbarrow |
| 11:42 | Research | Double-Bit Axe |
| 11:46 | Research | Horse Collar |
| 12:06 | Create | Villager (Male) |
| 12:22 | Build | Stable |
| 12:44 | Create | Villager (Male) |
| 13:04 | Build | Blacksmith |
| 13:14 | Create | Villager (Male) |
| 13:22 | Create | Scout Cavalry |
| 13:22 | Create | Scout Cavalry |
| 13:43 | Create | Spearman |
| 13:44 | Create | Spearman |
| 13:44 | Create | Spearman |
| 14:00 | Create | Scout Cavalry |
| 14:03 | Create | Spearman |
| 14:03 | Create | Spearman |
| 15:15 | Build | House |
| 15:30 | Build | Lumber Camp |
| 15:55 | Build | House |
| 16:02 | Create | Villager (Male) |
| 16:03 | Create | Villager (Male) |
| 16:03 | Create | Villager (Male) |
| 16:23 | Create | Scout Cavalry |
| 16:23 | Create | Scout Cavalry |
| 16:24 | Create | Scout Cavalry |
| 16:34 | Build | Farm |
| 16:49 | Build | House |
| 16:57 | Build | Farm |
| 17:03 | Create | Scout Cavalry |
| 17:16 | Build | Farm |
| 17:16 | Build | Farm |
| 17:17 | Build | Farm |
| 17:25 | Build | Farm |
| 17:25 | Build | Farm |
| 17:26 | Build | Farm |
| 17:39 | Build | Farm |
| 17:42 | Create | Villager (Male) |
| 17:42 | Create | Villager (Male) |
| 17:50 | Create | Scout Cavalry |
| 18:07 | Build | House |
| 18:15 | Build | Farm |
| 18:16 | Create | Villager (Male) |
| 18:23 | Create | Scout Cavalry |
| 18:47 | Create | Villager (Male) |
| 19:15 | Research | Bloodlines |
| 19:29 | Build | Farm |
| 19:30 | Build | Farm |
| 19:31 | Build | Farm |
| 19:32 | Build | Farm |
| 19:35 | Build | Farm |
| 19:36 | Build | Farm |
| 19:36 | Build | Farm |
| 19:37 | Build | Farm |
| 19:39 | Create | Villager (Male) |
| 19:39 | Create | Villager (Male) |
| 19:39 | Create | Villager (Male) |
| 19:45 | Build | House |
| 20:41 | Create | Villager (Male) |
| 20:42 | Create | Villager (Male) |
| 20:45 | Build | Farm |
| 20:52 | Build | House |
| 20:54 | Build | House |
| 20:57 | Build | Farm |
Build order — dead4ngel
69 actions detected in the replay
| 0:32 | Create | Villager (Male) |
| 0:33 | Create | Villager (Male) |
| 0:33 | Create | Villager (Male) |
| 0:33 | Create | Villager (Male) |
| 0:33 | Create | Villager (Male) |
| 1:37 | Create | Villager (Male) |
| 1:37 | Create | Villager (Male) |
| 1:48 | Build | Lumber Camp |
| 2:37 | Create | Villager (Male) |
| 2:37 | Create | Villager (Male) |
| 3:36 | Create | Villager (Male) |
| 3:36 | Create | Villager (Male) |
| 3:54 | Create | Villager (Male) |
| 4:30 | Create | Villager (Male) |
| 5:02 | Build | Mill |
| 5:06 | Create | Villager (Male) |
| 5:06 | Create | Villager (Male) |
| 5:06 | Create | Villager (Male) |
| 5:07 | Create | Villager (Male) |
| 6:02 | Build | Farm |
| 6:18 | Research | Loom |
| 6:35 | Build | Farm |
| 6:39 | Build | Farm |
| 6:42 | Build | Farm |
| 7:28 | Create | Villager (Male) |
| 9:00 | Create | Villager (Male) |
| 9:00 | Create | Villager (Male) |
| 9:00 | Create | Villager (Male) |
| 9:32 | Build | Barracks |
| 9:54 | Build | Farm |
| 10:08 | Research | Feudal Age |
| 10:18 | Build | Barracks |
| 10:30 | Build | Farm |
| 10:46 | Build | Mining Camp |
| 11:43 | Create | Villager (Male) |
| 11:43 | Create | Villager (Male) |
| 11:43 | Create | Villager (Male) |
| 11:43 | Create | Villager (Male) |
| 11:44 | Create | Villager (Male) |
| 11:44 | Create | Villager (Male) |
| 11:52 | Build | Farm |
| 12:19 | Build | Farm |
| 12:25 | Age | Feudal Age |
| 12:26 | Build | Farm |
| 12:30 | Build | Farm |
| 12:38 | Create | Villager (Male) |
| 12:38 | Create | Villager (Male) |
| 12:39 | Create | Villager (Male) |
| 12:39 | Create | Villager (Male) |
| 12:56 | Build | Stable |
| 13:27 | Research | Double-Bit Axe |
| 13:38 | Create | Villager (Male) |
| 13:54 | Build | Farm |
| 14:00 | Create | Scout Cavalry |
| 14:33 | Build | Farm |
| 14:39 | Create | Scout Cavalry |
| 15:15 | Create | Scout Cavalry |
| 15:15 | Create | Scout Cavalry |
| 15:45 | Build | Lumber Camp |
| 16:30 | Build | Farm |
| 16:45 | Build | Farm |
| 17:48 | Create | Scout Cavalry |
| 17:49 | Create | Scout Cavalry |
| 17:49 | Create | Scout Cavalry |
| 17:49 | Create | Scout Cavalry |
| 17:49 | Create | Scout Cavalry |
| 17:49 | Create | Scout Cavalry |
| 18:37 | Create | Scout Cavalry |
| 18:37 | Create | Scout Cavalry |
Build order — JoaoWololo
98 actions detected in the replay
| 0:01 | Create | Villager (Male) |
| 0:01 | Create | Villager (Male) |
| 0:01 | Create | Villager (Male) |
| 0:02 | Create | Villager (Male) |
| 0:02 | Create | Villager (Male) |
| 0:06 | Build | House |
| 0:09 | Build | House |
| 1:34 | Create | Villager (Male) |
| 2:07 | Create | Villager (Male) |
| 2:08 | Create | Villager (Male) |
| 2:22 | Create | Villager (Male) |
| 2:49 | Build | Lumber Camp |
| 3:12 | Create | Villager (Male) |
| 3:13 | Create | Villager (Male) |
| 3:13 | Create | Villager (Male) |
| 3:51 | Build | House |
| 3:57 | Build | House |
| 4:24 | Create | Villager (Male) |
| 4:43 | Create | Villager (Male) |
| 4:44 | Create | Villager (Male) |
| 5:22 | Create | Villager (Male) |
| 6:00 | Create | Villager (Male) |
| 6:00 | Create | Villager (Male) |
| 6:42 | Create | Villager (Male) |
| 6:49 | Build | House |
| 7:10 | Create | Villager (Male) |
| 7:24 | Build | Mill |
| 7:57 | Research | Feudal Age |
| 8:08 | Build | Mining Camp |
| 8:32 | Create | Villager (Male) |
| 8:50 | Create | Villager (Male) |
| 9:00 | Build | House |
| 9:35 | Create | Villager (Male) |
| 9:43 | Build | House |
| 10:07 | Age | Feudal Age |
| 10:38 | Create | Villager (Male) |
| 10:39 | Create | Villager (Male) |
| 11:04 | Build | Donjon |
| 11:08 | Create | Villager (Male) |
| 11:42 | Create | Villager (Male) |
| 11:42 | Create | Villager (Male) |
| 12:22 | Create | Villager (Male) |
| 12:30 | Create | Serjeant |
| 12:30 | Create | Serjeant |
| 12:31 | Create | Serjeant |
| 12:32 | Create | Serjeant |
| 12:40 | Create | Villager (Male) |
| 12:45 | Build | Farm |
| 12:45 | Build | Farm |
| 12:45 | Build | Farm |
| 12:46 | Build | Farm |
| 13:18 | Create | Villager (Male) |
| 13:23 | Build | Blacksmith |
| 13:29 | Create | Villager (Male) |
| 14:03 | Build | Farm |
| 14:03 | Build | Farm |
| 14:03 | Build | Farm |
| 14:05 | Build | Farm |
| 14:25 | Build | Donjon |
| 14:29 | Create | Villager (Male) |
| 14:37 | Build | House |
| 14:45 | Build | Farm |
| 14:53 | Create | Serjeant |
| 15:23 | Build | Farm |
| 15:24 | Build | Farm |
| 15:24 | Build | Farm |
| 15:50 | Create | Villager (Male) |
| 15:50 | Create | Villager (Male) |
| 16:02 | Create | Serjeant |
| 16:02 | Create | Serjeant |
| 16:45 | Create | Villager (Male) |
| 16:45 | Create | Villager (Male) |
| 16:58 | Create | Serjeant |
| 16:58 | Create | Serjeant |
| 17:06 | Build | House |
| 17:37 | Create | Serjeant |
| 17:38 | Create | Serjeant |
| 17:44 | Build | House |
| 17:57 | Build | Donjon |
| 18:04 | Create | Villager (Male) |
| 18:05 | Create | Villager (Male) |
| 18:46 | Create | Villager (Male) |
| 18:46 | Create | Villager (Male) |
| 19:25 | Create | Serjeant |
| 19:25 | Create | Serjeant |
| 19:25 | Create | Serjeant |
| 19:26 | Create | Serjeant |
| 20:02 | Build | Donjon |
| 20:03 | Create | Villager (Male) |
| 20:04 | Create | Villager (Male) |
| 20:13 | Build | Lumber Camp |
| 20:16 | Create | Villager (Male) |
| 20:16 | Create | Villager (Male) |
| 20:49 | Create | Serjeant |
| 20:49 | Create | Serjeant |
| 20:49 | Create | Serjeant |
| 20:53 | Create | Serjeant |
| 20:57 | Build | Farm |
Build order — Mumbly
127 actions detected in the replay
| 0:00 | Create | Villager (Male) |
| 0:01 | Create | Villager (Male) |
| 0:01 | Create | Villager (Male) |
| 0:04 | Build | House |
| 0:05 | Build | House |
| 0:07 | Create | Villager (Male) |
| 0:08 | Create | Villager (Male) |
| 1:35 | Create | Villager (Male) |
| 1:35 | Create | Villager (Male) |
| 1:47 | Build | Lumber Camp |
| 2:02 | Create | Villager (Male) |
| 2:02 | Create | Villager (Male) |
| 2:18 | Create | Villager (Male) |
| 2:18 | Create | Villager (Male) |
| 2:56 | Create | Villager (Male) |
| 2:56 | Create | Villager (Male) |
| 3:16 | Create | Villager (Male) |
| 3:16 | Create | Villager (Male) |
| 3:48 | Create | Villager (Male) |
| 3:48 | Create | Villager (Male) |
| 3:49 | Create | Villager (Male) |
| 4:26 | Create | Villager (Male) |
| 4:27 | Create | Villager (Male) |
| 4:27 | Create | Villager (Male) |
| 4:33 | Build | House |
| 4:36 | Research | Loom |
| 4:39 | Create | Villager (Male) |
| 5:15 | Build | Mill |
| 5:33 | Create | Villager (Male) |
| 5:55 | Create | Villager (Male) |
| 6:34 | Create | Villager (Male) |
| 6:58 | Create | Villager (Male) |
| 7:39 | Research | Feudal Age |
| 7:39 | Research | Feudal Age |
| 8:05 | Build | Barracks |
| 8:10 | Build | Palisade Wall |
| 8:28 | Build | House |
| 8:58 | Create | Villager (Male) |
| 9:00 | Create | Villager (Male) |
| 9:13 | Build | House |
| 9:25 | Build | Palisade Wall |
| 9:47 | Build | Palisade Wall |
| 9:49 | Age | Feudal Age |
| 9:51 | Build | Palisade Wall |
| 10:03 | Research | Horse Collar |
| 10:12 | Build | Stable |
| 10:18 | Create | Villager (Male) |
| 10:18 | Create | Villager (Male) |
| 10:23 | Build | Farm |
| 10:29 | Build | Farm |
| 10:41 | Build | House |
| 10:54 | Build | House |
| 10:55 | Create | Villager (Male) |
| 11:01 | Build | Farm |
| 11:01 | Build | Farm |
| 11:03 | Build | Farm |
| 11:05 | Build | Farm |
| 11:07 | Build | Farm |
| 11:13 | Create | Villager (Male) |
| 11:27 | Build | House |
| 11:36 | Build | Palisade Wall |
| 11:37 | Create | Scout Cavalry |
| 11:45 | Build | Farm |
| 11:57 | Build | Farm |
| 12:05 | Create | Villager (Male) |
| 12:20 | Build | Palisade Gate |
| 12:25 | Create | Scout Cavalry |
| 12:34 | Build | Farm |
| 12:36 | Build | Farm |
| 12:46 | Create | Villager (Male) |
| 12:46 | Create | Villager (Male) |
| 12:49 | Create | Villager (Male) |
| 12:49 | Create | Villager (Male) |
| 13:18 | Build | House |
| 13:39 | Create | Scout Cavalry |
| 13:45 | Build | Blacksmith |
| 14:04 | Create | Villager (Male) |
| 14:04 | Create | Villager (Male) |
| 14:21 | Create | Scout Cavalry |
| 14:54 | Create | Villager (Male) |
| 14:54 | Create | Villager (Male) |
| 15:06 | Create | Villager (Male) |
| 15:20 | Create | Scout Cavalry |
| 15:51 | Create | Villager (Male) |
| 15:56 | Build | Farm |
| 15:58 | Build | Farm |
| 16:02 | Create | Scout Cavalry |
| 16:21 | Build | House |
| 16:24 | Build | Farm |
| 16:45 | Build | House |
| 17:06 | Create | Villager (Male) |
| 17:06 | Create | Villager (Male) |
| 17:07 | Create | Villager (Male) |
| 17:12 | Build | Farm |
| 17:13 | Build | Farm |
| 17:14 | Build | Farm |
| 17:15 | Build | Farm |
| 17:33 | Create | Villager (Male) |
| 17:57 | Create | Villager (Male) |
| 17:59 | Create | Scout Cavalry |
| 17:59 | Create | Scout Cavalry |
| 18:34 | Create | Villager (Male) |
| 18:34 | Create | Villager (Male) |
| 18:40 | Build | Mining Camp |
| 18:52 | Build | House |
| 18:56 | Build | House |
| 19:18 | Create | Scout Cavalry |
| 19:18 | Create | Scout Cavalry |
| 19:21 | Create | Villager (Male) |
| 19:24 | Build | Farm |
| 19:25 | Build | Farm |
| 19:26 | Build | Farm |
| 19:28 | Build | Farm |
| 19:29 | Build | Farm |
| 19:30 | Build | Farm |
| 19:34 | Build | House |
| 19:36 | Build | House |
| 20:21 | Create | Scout Cavalry |
| 20:21 | Create | Scout Cavalry |
| 20:25 | Research | Bloodlines |
| 20:25 | Research | Bloodlines |
| 20:29 | Build | Farm |
| 20:31 | Build | Farm |
| 20:33 | Build | Farm |
| 20:43 | Create | Villager (Male) |
| 20:45 | Research | Wheelbarrow |
| 20:45 | Research | Wheelbarrow |
Match timeline
| 8:05 | Mumbly · first_building Barracks |
| 8:10 | Mumbly · wall_segment Palisade Wall x14 |
| 9:25 | Mumbly · wall_segment Palisade Wall x10 |
| 9:32 | dead4ngel · first_building Barracks |
| 9:47 | Mumbly · wall_segment Palisade Wall x3 |
| 9:49 | Mumbly · age_up feudal |
| 9:51 | Mumbly · wall_segment Palisade Wall x4 |
| 10:07 | JoaoWololo · age_up feudal |
| 10:12 | Mumbly · first_building Stable |
| 10:30 | ToroSentado|_| · first_building Barracks |
| 11:04 | JoaoWololo · first_building Donjon |
| 11:22 | ToroSentado|_| · age_up feudal |
| 11:36 | Mumbly · wall_segment Palisade Wall x1 |
| 12:22 | ToroSentado|_| · first_building Stable |
| 12:25 | dead4ngel · age_up feudal |
| 12:56 | dead4ngel · first_building Stable |
| 21:02 | dead4ngel · resign |
[ AI ANALYSIS · 1 CREDIT ]
What really happened in this match?
Wolo.gg analyzes every decision: build order, eco, micro, common mistakes by bracket. Personalized analysis on WhatsApp or Discord in 30 seconds.
Civ guide
Magyars
Perfil
Jugador #21166449